Cogmind - Beta 14 @@@ ROGUE MODE // 2024.12.03 @ 22:44:52 Player: MarKhan Result: Destroyed by Y-64 Sentinel with Wave Gun Performance ------------- Evolutions (5) 2500 Regions Visited (10) 2000 Robots Destroyed (0) 0 Value Destroyed (0) 0 Prototype IDs (0) 0 Alien Tech Used (0) 0 Bonus (1987) 1987 TOTAL SCORE: 6487 Bonus ------- Pacifist 1987 Cogmind --------- Core Integrity 0/1000 Matter 300/300 Energy 98/100 System Corruption 0% Temperature Cool (9) Movement Core (50) Location -5/Upper Caves Parts ------- > --- POWER (3) -------- (None) > --- PROPULSION (2) --- (None) > --- UTILITY (2) ------ (None) > --- WEAPON (10) ------ (None) > --- INVENTORY (5) ---- (None) Peak State ------------ None Favorites ----------- Power None Propulsion None Utility None Weapon None Build | -11 -10 -9 -9 -8 -7 -6 -6 -5 -5 -5 ------- Run | Yrd Mat Mat Min Mat Fac Fac Ext Fac Upp Upp Slots Evolved 10 | . . 2 . 2 2 2 . 2 . . Power 2 | . . 2 . . . . . . . . Propulsion . | . . . . . . . . . . . Utility . | . . . . . . . . . . . Weapon 8 | . . . . 2 2 2 . 2 . . Parts Attached . | . . . . . . . . . . . Power . | . . . . . . . . . . . Engine . | . . . . . . . . . . . Core . | . . . . . . . . . . . Reactor . | . . . . . . . . . . . Propulsion . | . . . . . . . . . . . Treads . | . . . . . . . . . . . Leg . | . . . . . . . . . . . Wheel . | . . . . . . . . . . . Hover . | . . . . . . . . . . . Flight . | . . . . . . . . . . . Utility . | . . . . . . . . . . . Device . | . . . . . . . . . . . Storage . | . . . . . . . . . . . Processor . | . . . . . . . . . . . Hackware . | . . . . . . . . . . . Protection . | . . . . . . . . . . . Artifact . | . . . . . . . . . . . Weapon . | . . . . . . . . . . . Energy Gun . | . . . . . . . . . . . Energy Cannon . | . . . . . . . . . . . Ballistic Gun . | . . . . . . . . . . . Ballistic Cannon . | . . . . . . . . . . . Launcher . | . . . . . . . . . . . Special Weapon . | . . . . . . . . . . . Impact Weapon . | . . . . . . . . . . . Slashing Weapon . | . . . . . . . . . . . Piercing Weapon . | . . . . . . . . . . . Special Melee Weapon . | . . . . . . . . . . . Unidentified Prototypes . | . . . . . . . . . . . Parts Lost . | . . . . . . . . . . . Power . | . . . . . . . . . . . Propulsion . | . . . . . . . . . . . Utility . | . . . . . . . . . . . Weapon . | . . . . . . . . . . . Highest Loss Streak . | . . . . . . . . . . . To Critical Strikes . | . . . . . . . . . . . Average Slot Usage (%) . | . . . . . . . . . . . Peak Build Rating . | . . . . . . . . . . . Average Rating . | . . . . . . . . . . . On Entrance . | . . . . . . . . . . . Naked Turns 956 | . 44 62 22 51 168 230 100 56 89 134 Heaviest Build . | . . . . . . . . . . . Greatest Support 3 | 3 3 3 3 3 3 3 3 3 3 3 Greatest Overweight (x) . | . . . . . . . . . . . Average Overweight (x) . | . . . . . . . . . . . Largest Inventory Capacity 5 | 5 5 5 5 5 5 5 5 5 5 5 Average Capacity 5 | 5 5 5 5 5 5 5 5 5 5 5 Most Carried . | . . . . . . . . . . . Average Carried . | . . . . . . . . . . . Final Capacity 5 | 5 5 5 5 5 5 5 5 5 5 5 Final Carried . | . . . . . . . . . . . Class Distribution -------------------- 100% | Mutant Dominant Class ---------------- Mutant | -10/Materials Mutant | -9/Materials Mutant | -9/Mines Mutant | -8/Materials Mutant | -7/Factory Mutant | -6/Factory Mutant | -6/Extension Mutant | -5/Factory Mutant | -5/Upper Caves Mutant | -5/Upper Caves Resources | -11 -10 -9 -9 -8 -7 -6 -6 -5 -5 -5 ----------- Run | Yrd Mat Mat Min Mat Fac Fac Ext Fac Upp Upp Matter Collected 160 | 73 . . 31 . . . . . 31 25 Remotely . | . . . . . . . . . . . Salvage Created . | . . . . . . . . . . . Parts . | . . . . . . . . . . . Haulers Intercepted . | . . . . . . . . . . . Recyclers Shooed . | . . . . . . . . . . . Parts Field Recycled . | . . . . . . . . . . . Retrieved Matter . | . . . . . . . . . . . Parts Self-Destructed 3 | . . . . . . . . . . 3 Prevented . | . . . . . . . . . . . Kills | -11 -10 -9 -9 -8 -7 -6 -6 -5 -5 -5 ------- Run | Yrd Mat Mat Min Mat Fac Fac Ext Fac Upp Upp Combat Hostiles Destroyed . | . . . . . . . . . . . Classes Destroyed . | . . . . . . . . . . . Best Kill Streak . | . . . . . . . . . . . Combat Bots Only . | . . . . . . . . . . . Max Kills in Single Turn . | . . . . . . . . . . . Gunslinging . | . . . . . . . . . . . Exploded . | . . . . . . . . . . . Melee . | . . . . . . . . . . . Uniques/NPCs Destroyed . | . . . . . . . . . . . Combat | -11 -10 -9 -9 -8 -7 -6 -6 -5 -5 -5 -------- Run | Yrd Mat Mat Min Mat Fac Fac Ext Fac Upp Upp Hostile Shots Fired 313 | . 30 . 12 34 35 12 89 33 2 66 Missed 143 | . 12 . 5 11 13 7 56 16 2 21 Damage Taken 2581 | . 152 . 164 262 314 82 584 290 . 733 Core 2581 | . 152 . 164 262 314 82 584 290 . 733 Absorbed by Shields . | . . . . . . . . . . . Core Remaining (%) 54 | 100 39 . 59 52 55 . 21 . . . Volleys Fired . | . . . . . . . . . . . Largest . | . . . . . . . . . . . Hottest . | . . . . . . . . . . . Shots Fired . | . . . . . . . . . . . Gun . | . . . . . . . . . . . Cannon . | . . . . . . . . . . . Launcher . | . . . . . . . . . . . Special . | . . . . . . . . . . . Kinetic . | . . . . . . . . . . . Thermal . | . . . . . . . . . . . Explosive . | . . . . . . . . . . . Electromagnetic . | . . . . . . . . . . . Robot Hit Streak . | . . . . . . . . . . . Robot Miss Streak . | . . . . . . . . . . . Penetration Max . | . . . . . . . . . . . Secondary Targets . | . . . . . . . . . . . Shots Hit Robots . | . . . . . . . . . . . Core Hits 1 | . . . . 1 . . . . . . Critical Kills . | . . . . . . . . . . . Critical Parts Destroyed . | . . . . . . . . . . . Critical Strikes . | . . . . . . . . . . . Melee Attacks . | . . . . . . . . . . . Impact . | . . . . . . . . . . . Slashing . | . . . . . . . . . . . Piercing . | . . . . . . . . . . . Sneak Attacks . | . . . . . . . . . . . Combat Hostiles . | . . . . . . . . . . . Follow-up Attacks . | . . . . . . . . . . . Damage Inflicted 61 | . 10 . . 51 . . . . . . Guns . | . . . . . . . . . . . Cannons . | . . . . . . . . . . . Explosions . | . . . . . . . . . . . Melee . | . . . . . . . . . . . Ramming 61 | . 10 . . 51 . . . . . . Kinetic . | . . . . . . . . . . . Thermal . | . . . . . . . . . . . Explosive . | . . . . . . . . . . . Electromagnetic . | . . . . . . . . . . . Impact . | . . . . . . . . . . . Slashing . | . . . . . . . . . . . Piercing . | . . . . . . . . . . . Highest Corruption 2 | . . . . 2 . 1 1 . . . Average Corruption 1 | . . . . 2 . 1 1 . . . Corruption Purged . | . . . . . . . . . . . Corruption Blocked . | . . . . . . . . . . . Effects 1 | . . . . . . 1 . . . . Heat Flow Errors 1 | . . . . . . 1 . . . . Overload Shots . | . . . . . . . . . . . Overflow Damage . | . . . . . . . . . . . Projectiles . | . . . . . . . . . . . Explosions . | . . . . . . . . . . . Melee . | . . . . . . . . . . . Knockbacks . | . . . . . . . . . . . Impact . | . . . . . . . . . . . Kinetic . | . . . . . . . . . . . Secondary . | . . . . . . . . . . . Self-Inflicted Damage 29 | . 5 . . 24 . . . . . . Shots . | . . . . . . . . . . . Rammed 12 | . 1 . . 11 . . . . . . Targets Rammed 12 | . 1 . . 11 . . . . . . Kicked . | . . . . . . . . . . . Crushed . | . . . . . . . . . . . Highest Temperature 142 | . . . . . 2 142 . . . . Average Temperature 58 | . . . . . 2 86 . . . . Received Heat Transfer 357 | . 6 . . 45 132 12 120 . . 42 Siege Activations . | . . . . . . . . . . . Robots Corrupted . | . . . . . . . . . . . Combat Hostiles . | . . . . . . . . . . . Parts Fried . | . . . . . . . . . . . Impact Corruptions . | . . . . . . . . . . . Robots Melted . | . . . . . . . . . . . Combat Hostiles . | . . . . . . . . . . . Parts Melted . | . . . . . . . . . . . Heat Transferred . | . . . . . . . . . . . Parts Sabotaged . | . . . . . . . . . . . Parts Stolen . | . . . . . . . . . . . Parts Stripped . | . . . . . . . . . . . Power Chain Reactions 1 | . . . . . . 1 . . . . Alert | -11 -10 -9 -9 -8 -7 -6 -6 -5 -5 -5 ------- Run | Yrd Mat Mat Min Mat Fac Fac Ext Fac Upp Upp Peak Influence 300 | . 30 42 16 35 180 190 123 300 . . Initial 93 | . . 12 16 5 15 88 93 60 . . Average 78 | . 4 37 16 26 44 121 109 138 . . Maximum Alert Level 1 | . . . . . . . . 1 . . Low Security (%) 98 | 100 100 100 100 100 100 100 100 80 . . Level 1 1 | . . . . . . . . 19 . . Level 2 . | . . . . . . . . . . . Level 3 . | . . . . . . . . . . . Level 4 . | . . . . . . . . . . . Level 5 . | . . . . . . . . . . . High Security . | . . . . . . . . . . . Max Security . | . . . . . . . . . . . Squads Dispatched 5 | . 1 2 . . . 2 . . . . Investigation 3 | . 1 . . . . 2 . . . . Extermination . | . . . . . . . . . . . Reinforcement 2 | . . 2 . . . . . . . . Assault . | . . . . . . . . . . . Garrison . | . . . . . . . . . . . Intercept . | . . . . . . . . . . . Searches Triggered . | . . . . . . . . . . . Construction Impeded . | . . . . . . . . . . . Haulers Reinforced . | . . . . . . . . . . . Active Scanning Responses . | . . . . . . . . . . . Cargo Convoy Interrupts . | . . . . . . . . . . . Stealth | -11 -10 -9 -9 -8 -7 -6 -6 -5 -5 -5 --------- Run | Yrd Mat Mat Min Mat Fac Fac Ext Fac Upp Upp Distress Signals 3 | . 1 . . . . 1 . 1 . . Communications Jammed . | . . . . . . . . . . . Distress Signals . | . . . . . . . . . . . Times Spotted 70 | . 4 2 6 5 11 3 4 16 3 16 Peak Tracking Total 15 | . 4 1 6 5 4 4 4 15 3 13 Tactical Retreats 13 | . 1 . . . 4 1 . 3 2 2 Traps | -11 -10 -9 -9 -8 -7 -6 -6 -5 -5 -5 ------- Run | Yrd Mat Mat Min Mat Fac Fac Ext Fac Upp Upp Traps Triggered 1 | . . . . . . 1 . . . . Indirectly . | . . . . . . . . . . . Trap Hack Attempts . | . . . . . . . . . . . Triggered . | . . . . . . . . . . . Disarmed . | . . . . . . . . . . . Reprogrammed . | . . . . . . . . . . . Reused . | . . . . . . . . . . . Traps Extracted . | . . . . . . . . . . . Installed . | . . . . . . . . . . . Triggered . | . . . . . . . . . . . Machines | -11 -10 -9 -9 -8 -7 -6 -6 -5 -5 -5 ---------- Run | Yrd Mat Mat Min Mat Fac Fac Ext Fac Upp Upp Machines Disabled . | . . . . . . . . . . . Max in Single Turn . | . . . . . . . . . . . Machines Repaired . | . . . . . . . . . . . Machines Dismantled . | . . . . . . . . . . . Machines Sabotaged . | . . . . . . . . . . . Overloaded Fab Kills . | . . . . . . . . . . . Hacking | -11 -10 -9 -9 -8 -7 -6 -6 -5 -5 -5 --------- Run | Yrd Mat Mat Min Mat Fac Fac Ext Fac Upp Upp Machines Accessed 4 | . 1 . . . . 2 . . . 1 Terminals 3 | . 1 . . . . 1 . . . 1 Fabricators 1 | . . . . . . 1 . . . . Repair Stations . | . . . . . . . . . . . Recycling Units . | . . . . . . . . . . . Scanalyzers . | . . . . . . . . . . . Garrison Access . | . . . . . . . . . . . Total Hacks 9 | . 4 . . . . 4 . . . 1 Successful 6 | . 3 . . . . 2 . . . 1 Failed 3 | . 1 . . . . 2 . . . . Catastrophic 1 | . . . . . . 1 . . . . Database Lockouts . | . . . . . . . . . . . Manual 3 | . . . . . . 3 . . . . Terminals 8 | . 4 . . . . 3 . . . 1 Fabricators 1 | . . . . . . 1 . . . . Repair Stations . | . . . . . . . . . . . Recycling Units . | . . . . . . . . . . . Scanalyzers . | . . . . . . . . . . . Garrison Access . | . . . . . . . . . . . Terminal Hacks 5 | . 3 . . . . 1 . . . 1 Record 4 | . 3 . . . . . . . . 1 Branch Access Points 1 | . . . . . . 1 . . . . Fabricator Hacks . | . . . . . . . . . . . Repair Station Hacks . | . . . . . . . . . . . Recycling Unit Hacks . | . . . . . . . . . . . Scanalyzer . | . . . . . . . . . . . Garrison Access Hacks . | . . . . . . . . . . . Unauthorized Hacks 1 | . . . . . . 1 . . . . Terminals . | . . . . . . . . . . . Fabricators 1 | . . . . . . 1 . . . . Overload 1 | . . . . . . 1 . . . . Repair Stations . | . . . . . . . . . . . Recycling Units . | . . . . . . . . . . . Scanalyzers . | . . . . . . . . . . . Garrison Access . | . . . . . . . . . . . Data Cores Recovered . | . . . . . . . . . . . Used . | . . . . . . . . . . . Hacking Detections 2 | . 1 . . . . 1 . . . . Full Trace Events 2 | . 1 . . . . 1 . . . . Feedback Events 1 | . . . . . . 1 . . . . Corruption 1 | . . . . . . 1 . . . . Feedback Blocked . | . . . . . . . . . . . Robot Schematics Acquired . | . . . . . . . . . . . Robots Built . | . . . . . . . . . . . Authchips . | . . . . . . . . . . . Time . | . . . . . . . . . . . Total Robot Build Rating . | . . . . . . . . . . . Part Schematics Acquired . | . . . . . . . . . . . Parts Built . | . . . . . . . . . . . Authchips . | . . . . . . . . . . . Time . | . . . . . . . . . . . Total Part Build Rating . | . . . . . . . . . . . Parts Repaired . | . . . . . . . . . . . Time . | . . . . . . . . . . . Parts Recycled . | . . . . . . . . . . . Recycled Matter . | . . . . . . . . . . . Retrieved Matter . | . . . . . . . . . . . Retrieved Components . | . . . . . . . . . . . Parts Scanalyzed . | . . . . . . . . . . . Part Schematics Acquired . | . . . . . . . . . . . Parts Damaged . | . . . . . . . . . . . Bothacking | -11 -10 -9 -9 -8 -7 -6 -6 -5 -5 -5 ------------ Run | Yrd Mat Mat Min Mat Fac Fac Ext Fac Upp Upp Used RIF Installer . | . . . . . . . . . . . Robots Hacked . | . . . . . . . . . . . Non-combat . | . . . . . . . . . . . Combat . | . . . . . . . . . . . Robot Hacks Applied . | . . . . . . . . . . . Relay Couplers Released . | . . . . . . . . . . . Fabnet Peak Effective % . | . . . . . . . . . . . Robots Rewired . | . . . . . . . . . . . Allies Hacked . | . . . . . . . . . . . Hacks Repelled . | . . . . . . . . . . . Allies | -11 -10 -9 -9 -8 -7 -6 -6 -5 -5 -5 -------- Run | Yrd Mat Mat Min Mat Fac Fac Ext Fac Upp Upp Total Allies . | . . . . . . . . . . . Largest Group . | . . . . . . . . . . . Highest-Rated Group . | . . . . . . . . . . . Highest-Rated Ally . | . . . . . . . . . . . Total Orders . | . . . . . . . . . . . Ally Attacks . | . . . . . . . . . . . Total Damage . | . . . . . . . . . . . Kills . | . . . . . . . . . . . Allies Corrupted . | . . . . . . . . . . . Allies Melted . | . . . . . . . . . . . Intel | -11 -10 -9 -9 -8 -7 -6 -6 -5 -5 -5 ------- Run | Yrd Mat Mat Min Mat Fac Fac Ext Fac Upp Upp Robot Analysis Total . | . . . . . . . . . . . Derelict Logs Recovered 1 | . . . 1 . . . . . . . Drone Launches . | . . . . . . . . . . . Drone Recoveries . | . . . . . . . . . . . Exploration | -11 -10 -9 -9 -8 -7 -6 -6 -5 -5 -5 ------------- Run | Yrd Mat Mat Min Mat Fac Fac Ext Fac Upp Upp Turns Passed 966 | 10 44 62 22 51 168 230 100 56 89 134 Spaces Moved 1868 | 19 86 123 43 80 335 426 200 111 177 268 Core 1868 | 19 86 123 43 80 335 426 200 111 177 268 Treads . | . . . . . . . . . . . Legs . | . . . . . . . . . . . Wheels . | . . . . . . . . . . . Hover . | . . . . . . . . . . . Flight . | . . . . . . . . . . . Fastest Speed 50 | 50 50 50 50 50 50 50 50 50 50 50 Average Speed 50 | 50 50 50 50 50 50 50 50 50 50 50 Slowest Speed 50 | 50 50 50 50 50 50 50 50 50 50 50 Overloaded Moves . | . . . . . . . . . . . Propulsion Burnouts . | . . . . . . . . . . . Robots Hopped . | . . . . . . . . . . . Cave-ins Triggered . | . . . . . . . . . . . Exploration Rate (%) 21 | 3 25 11 17 15 10 15 43 6 41 46 Regions Visited 10 Branch Regions 4 Pre-discovered Areas . | . . . . . . . . . . . Known Exits Taken 2 | . . . . 1 . 1 . . . . Unknown Exits Taken 8 | 1 1 1 1 . 1 . 1 1 1 . Scrap Searched 1 | . . . . . . . . . 1 . Spaces Dug . | . . . . . . . . . . . Terrain Destroyed . | . . . . . . . . . . . Melee . | . . . . . . . . . . . Projectile . | . . . . . . . . . . . AOE . | . . . . . . . . . . . Terrain Rammed . | . . . . . . . . . . . Walls Destroyed . | . . . . . . . . . . . Machines Disabled . | . . . . . . . . . . . Actions | -11 -10 -9 -9 -8 -7 -6 -6 -5 -5 -5 --------- Run | Yrd Mat Mat Min Mat Fac Fac Ext Fac Upp Upp Total 1887 | 18 86 122 42 90 334 442 199 110 176 268 Wait 2 | . . . . . . 2 . . . . Move 1859 | 18 86 122 42 79 334 425 199 110 176 268 Hop . | . . . . . . . . . . . Pick Up . | . . . . . . . . . . . Fast Attach . | . . . . . . . . . . . Attach . | . . . . . . . . . . . Detach . | . . . . . . . . . . . Swap . | . . . . . . . . . . . Drop . | . . . . . . . . . . . Fire . | . . . . . . . . . . . Melee . | . . . . . . . . . . . Ram 11 | . . . . 11 . . . . . . Kick . | . . . . . . . . . . . Crush . | . . . . . . . . . . . Escape Stasis 15 | . . . . . . 15 . . . . Rewire . | . . . . . . . . . . . Trap . | . . . . . . . . . . . Miscellaneous . | . . . . . . . . . . . Route ------- -11/Scrapyard -10/Materials -9/Materials -9/Mines -8/Materials -7/Factory -6/Factory (discovered 4 exits: Low x2 / *Ext x2) -6/Extension (discovered 2 exits: [*Fac] / [*Cet]) -5/Factory -5/Upper Caves -5/Upper Caves (discovered 1 exit: [*Zhi]) History --------- Turn | Location | Event 4 | -11/Scrapyard | Discovered new exit (range 14) 11 | -11/Scrapyard | Entered Materials 48 | -10/Materials | Discovered new exit (range 15) 50 | -10/Materials | Core integrity fell below 50% 55 | -10/Materials | Entered another Materials area 55 | -9/Materials | Evolved 2 slots: Power x2 114 | -9/Materials | Discovered new exit (range 5) 117 | -9/Materials | Entered Mines 118 | -9/Mines | Assembled infested the area 137 | -9/Mines | Discovered new exit (range 3) 139 | -9/Mines | Entered Materials 139 | -8/Materials | Evolved 2 slots: Weapon x2 140 | -8/Materials | Identified exit to Factory 190 | -8/Materials | Entered Factory 190 | -7/Factory | Evolved 2 slots: Weapon x2 305 | -7/Factory | Build established: Mutant 353 | -7/Factory | Discovered new exit (range 10) 358 | -7/Factory | Entered another Factory area 358 | -6/Factory | Evolved 2 slots: Weapon x2 534 | -6/Factory | Spotted B-75 Beast 572 | -6/Factory | Identified exit to Lower Caves 572 | -6/Factory | Identified exit to Extension 588 | -6/Factory | Entered Extension 630 | -6/Extension | Spotted B-75 Beast 634 | -6/Extension | Spotted B-75 Beast 641 | -6/Extension | Core integrity fell below 50% 681 | -6/Extension | Discovered new exit (range 16) 681 | -6/Extension | Discovered new exit (range 15) 688 | -6/Extension | Entered Factory 688 | -5/Factory | Evolved 2 slots: Weapon x2 736 | -5/Factory | Discovered new exit (range 15) 744 | -5/Factory | Entered Upper Caves 825 | -5/Upper Caves | Discovered new exit (range 15) 833 | -5/Upper Caves | Entered another Upper Caves area 917 | -5/Upper Caves | Spotted B-75 Beast 936 | -5/Upper Caves | Core integrity fell below 50% 963 | -5/Upper Caves | Core integrity fell below 20% 965 | -5/Upper Caves | Attracted the attention of an 0b10 checkpoint 966 | -5/Upper Caves | Discovered new exit (range 14) 967 | -5/Upper Caves | Destroyed by Y-64 Sentinel with Wave Gun Last Messages --------------- 00774_ Acquired 31 matter. 00825_ EXIT=FOUND LOCATION=UNKNOWN GOAL=ESCAPE 00850_ Connecting with Outpost Terminal... 00850_ Current location identified: Upper Caves >>Query($taT^5 R3pOr+ 0000) .sisT3m C0rRvpTE_ 00913_ S-27 Virus destroyed. 00921_ Acquired 3 matter. 00947_ Slug penetrates Wall. 00948_ Penetrated by Slug. 00953_ Acquired 22 matter. 00954_ Slug penetrates Wall. 00954_ Penetrated by Slug. 00960_ Slug penetrates Wall. 00965_ Y-64 Sentinel: "INTERCEPTING UNREGISTERED DERELICT." 00966_ EXIT=FOUND 00967_ Penetrated by Slug. Map ----- +----------------------------------------------------+ | ?????????????????????????????????????????????????? | | ?????????????????????????????????????????????????? | | ?????????????????????????????????????????????????? | | ?????????????????????????????????????????????????? | | ?????????????????????????????????????????????????? | | ?????????????????????????????????????????????????? | | ?????????????????????????????????????????????????? | | ?????????????????????????????????????????????????? | | ?????????????????????????????????????????#####???? | | ?????????????????????????????????????????# ???? | | ?????????????????????????????????????????# ????? | | ?????????????????????????????????????????# #????? | | ?????????????????????????????????????????# #??#?? | | ?????????????????????????????????????????# #? #?? | | ???????????????????????????????????####?## ## ### | | ????????????????# ?????????????????# ### $ | | ????????????? ### ?????????????????# #?? | | ????????????? ????????????????## #??? | | ???????????? ??????????????## ## ##??? | | ???????????? #?????#######?# ### #??## | | ???????????? #?#### ### ####%#### | | ??????????? ## #?## | | ??????????? #??# | | ?????????? < #??## | | ?????????? #???### | | ?????????? Y @ s ##?###?# | | ???????????????# s ###?## ## | | ??????????# ss ### ####??## | | ???????????## ###s ##### #???### # | | ????????????## ???# #?## #???# # | | ?????????????## ?????# ### ##??# ## | | ??????????????## ??????# #??# #?# | | ???????????????????????### #??## #??# | | ?????????????????????????### ## #?## ??# | | ???????????????????????????#### #??###???# | | ??????????????????????????????# ##????????# | | ??????????????????????????????# ##?????????### | | ??????????????????????????????# #????????????? | | ??????????????????????????????##### #????????????? | | ???????????????????????????????????##????????????? | | ?????????????????????????????????????????????????? | | ?????????????????????????????????????????????????? | | ?????????????????????????????????????????????????? | | ?????????????????????????????????????????????????? | | ?????????????????????????????????????????????????? | | ?????????????????????????????????????????????????? | | ?????????????????????????????????????????????????? | | ?????????????????????????????????????????????????? | | ?????????????????????????????????????????????????? | | ?????????????????????????????????????????????????? | +----------------------------------------------------+ Best States ------------- Heat Dissipation 40 Energy Generation 5 Energy Capacity 100 Matter Stores 300 Matter Capacity 300 Sight Range 16 Terrain Scan Density 10 Evasion (%) 50 Item Schematics ----------------- None Robot Schematics ------------------ None Fabricated ------------ Nothing Alien Tech Used ----------------- None Achievements -------------- None Challenges ------------ None Game ------ Seed MiniCryofiberChainsword Manual? 0 Play Time 00:11:08 Cumulative 165.8 hours Start 2024.12.03 @ 22:35:08 End 2024.12.03 @ 22:44:52 Sessions 1 Manual Loads 0 Difficulty Rogue Special Mode None Game No. 181 Rogue 181 Adventurer 0 Explorer 0 Win Type - Total 3 Types 3/0/0/0/0/0/0/0/0 Lore% 63 Gallery% 59 Achievement% 57 Wizard Run 0 Options --------- Layout 1 ASCII 0 Keyboard 1 Movement Arrows Keybinds 0 Fullscreen 0 Font 20/Smallcaps Map View 50x35 Zoom Use 0% Tactical HUD 1 Map Filters NONE Filters NONE Steam 1 RUN: 3369e448-cc9b-425f-89cb-963690a1ed7f